General information
- name: BNet
- type: Ladder team game (AT/RT)
- host: Battle.net
- saver: BattleRoyale
map: Cherryville
- players: 8
- length: 28:00
- speed: Fast
- version: 1.26 W3XP
- replay type: Public
» download(160 KB)
Players
team 1 (loser)

»
Ooo0oOo0oOo0oO0 (
yellow | 78 APM | 2165 actions | 27:50)
6 Mountain King
3 Storm Bolt
2 Bash
1 Avatar
5 Naga Sea Witch
2 Frost Arrows
2 Forked Lightning
1 Mana Shield
3 Priestess of the Moon
2 Trueshot Aura
1 Searing Arrows
3 Firelord
2 Summon Lava Spawn
1 Incinerate
» actions
| Assign group hotkey | 49 | |
| Basic commands | 28 | |
| Build / train | 121 | |
| Enter build submenu | 32 | |
| Enter hero's abilities submenu | 19 | |
| Give item / drop item | 10 | |
| Right click | 744 | |
| Select / deselect | 438 | |
| Select group hotkey | 629 | |
| Use ability | 95 | |
2165 total
» units
| Wisp | 18 | |
| Peasant | 7 | |
| Rifleman | 19 | |
| Chimaera | 10 | |
| Gryphon Rider | 8 | |
| Hippogryph | 6 | |
| Dragonhawk Rider | 6 | |
| Footman | 1 | |
75 total
» upgrades
| Gunpowder | 2 | |
| Armor | 2 | |
| Strength of the Wild | 3 | |
| Reinforced Hides | 1 | |
| Long Rifles | 1 | |
| Corrosive Breath | 1 | |
| Lumber Harvesting | 1 | |
| Storm Hammers | 1 | |
12 total
» buildings
| Moon Well | 7 | |
| Lumber Mill | 1 | |
| Farm | 8 | |
| Altar of Kings | 1 | |
| Blacksmith | 1 | |
| Altar of Elders | 1 | |
| Barracks | 1 | |
| Tree of Ages | 1 | |
| Hunter's Hall | 1 | |
| Arcane Vault | 1 | |
| Tree of Life | 3 | |
| Tree of Eternity | 1 | |
| Ancient of Wind | 1 | |
| Keep | 1 | |
| Chimaera Roost | 3 | |
| Castle | 1 | |
| Gryphon Aviary | 2 | |
| Town Hall | 1 | |
36 total
» build order
00:19 Moon Well
00:28 Lumber Mill
00:29 Farm
00:32 Altar of Kings
01:07 Blacksmith
01:11 Altar of Elders
01:33 Barracks
01:44 Moon Well
01:53 Farm
02:23 Farm
02:31 Tree of Ages
02:34 Moon Well
02:43 Farm
02:50 Hunter's Hall
03:15 Arcane Vault
03:34 Farm
04:16 Tree of Life
04:41 Moon Well
04:55 Tree of Eternity
04:57 Ancient of Wind
05:22 Keep
06:27 Farm
06:49 Moon Well
07:24 Chimaera Roost
07:24 Chimaera Roost
07:25 Chimaera Roost
07:32 Moon Well
08:32 Castle
10:17 Gryphon Aviary
10:18 Gryphon Aviary
12:35 Farm
12:35 Farm
15:51 Tree of Life
15:52 Moon Well
19:39 Town Hall
19:47 Tree of Life
» items
| Circlet of Nobility | 1 | |
| Scroll of Regeneration | 1 | |
| Scroll of Town Portal | 2 | |
| Potion of Healing | 1 | |
5 total
BattleRoyale (
orange | 85 APM | 2367 actions | 28:00)
6 Archmage
3 Summon Water Elemental
2 Brilliance Aura
1 Mass Teleport
» actions
| Assign group hotkey | 155 | |
| Basic commands | 201 | |
| Build / train | 206 | |
| ESC pressed | 4 | |
| Enter build submenu | 60 | |
| Enter hero's abilities submenu | 6 | |
| Give item / drop item | 7 | |
| Remove unit from queue | 3 | |
| Right click | 668 | |
| Select / deselect | 356 | |
| Select group hotkey | 492 | |
| Use ability | 209 | |
2367 total
» units
| Peasant | 21 | |
| Footman | 5 | |
| Gryphon Rider | 7 | |
33 total
» upgrades
| Masonry | 3 | |
| Lumber Harvesting | 1 | |
| Animal War Training | 1 | |
| Swords | 3 | |
| Armor | 3 | |
11 total
» buildings
| Altar of Kings | 1 | |
| Barracks | 1 | |
| Farm | 7 | |
| Arcane Vault | 1 | |
| Lumber Mill | 1 | |
| Town Hall | 2 | |
| Scout Tower | 42 | |
| Guard Tower | 110 | |
| Arcane Tower | 3 | |
| Keep | 4 | |
| Castle | 3 | |
| Gryphon Aviary | 2 | |
| Blacksmith | 1 | |
178 total
» build order
00:51 Altar of Kings
00:53 Barracks
00:55 Farm
01:06 Farm
01:32 Farm
02:10 Arcane Vault
02:37 Lumber Mill
03:33 Farm
04:18 Town Hall
04:21 Scout Tower
04:22 Scout Tower
04:23 Scout Tower
04:25 Scout Tower
05:03 Guard Tower
05:10 Guard Tower
06:02 Town Hall
06:16 Scout Tower
06:28 Arcane Tower
06:28 Guard Tower
07:18 Keep
07:18 Keep
07:18 Keep
07:36 Guard Tower
07:36 Guard Tower
07:36 Guard Tower
07:42 Scout Tower
07:42 Scout Tower
07:46 Scout Tower
07:49 Scout Tower
07:51 Scout Tower
07:54 Arcane Tower
07:54 Arcane Tower
08:16 Scout Tower
08:17 Scout Tower
08:18 Scout Tower
08:19 Scout Tower
08:21 Scout Tower
08:50 Guard Tower
08:51 Guard Tower
08:51 Guard Tower
08:53 Guard Tower
08:54 Guard Tower
08:54 Guard Tower
08:54 Guard Tower
08:55 Guard Tower
08:55 Guard Tower
08:56 Guard Tower
08:56 Guard Tower
08:57 Guard Tower
09:01 Guard Tower
09:01 Guard Tower
09:01 Guard Tower
09:01 Guard Tower
09:02 Guard Tower
09:02 Guard Tower
09:02 Guard Tower
09:03 Guard Tower
09:03 Guard Tower
09:03 Guard Tower
09:20 Guard Tower
09:20 Guard Tower
09:20 Guard Tower
09:21 Guard Tower
10:36 Scout Tower
10:37 Scout Tower
10:39 Scout Tower
10:40 Scout Tower
10:41 Scout Tower
10:42 Scout Tower
11:10 Castle
11:11 Castle
11:11 Castle
11:20 Gryphon Aviary
11:22 Guard Tower
11:22 Guard Tower
11:22 Guard Tower
11:23 Guard Tower
11:40 Gryphon Aviary
12:29 Scout Tower
12:30 Scout Tower
12:31 Scout Tower
12:34 Scout Tower
12:35 Scout Tower
13:06 Guard Tower
13:06 Guard Tower
13:06 Guard Tower
13:10 Guard Tower
13:11 Guard Tower
13:11 Guard Tower
13:15 Blacksmith
13:52 Guard Tower
13:52 Guard Tower
13:53 Guard Tower
14:44 Farm
14:51 Farm
20:26 Farm
22:59 Scout Tower
23:00 Scout Tower
23:00 Scout Tower
23:01 Scout Tower
23:03 Scout Tower
23:08 Scout Tower
23:10 Scout Tower
23:15 Scout Tower
23:18 Scout Tower
23:19 Scout Tower
23:22 Scout Tower
23:23 Scout Tower
23:28 Scout Tower
23:29 Scout Tower
23:29 Scout Tower
23:30 Scout Tower
23:32 Guard Tower
23:33 Guard Tower
23:33 Guard Tower
23:33 Guard Tower
23:34 Guard Tower
23:34 Guard Tower
23:34 Guard Tower
23:37 Guard Tower
23:37 Guard Tower
23:38 Guard Tower
23:42 Guard Tower
23:42 Guard Tower
23:42 Guard Tower
23:42 Guard Tower
23:45 Guard Tower
23:45 Guard Tower
23:45 Guard Tower
23:46 Guard Tower
23:48 Guard Tower
23:53 Guard Tower
23:53 Guard Tower
23:54 Guard Tower
23:54 Guard Tower
23:56 Guard Tower
23:56 Guard Tower
23:57 Guard Tower
23:57 Guard Tower
24:01 Guard Tower
24:02 Guard Tower
24:02 Guard Tower
24:04 Guard Tower
24:04 Guard Tower
24:05 Guard Tower
24:05 Guard Tower
24:06 Guard Tower
24:06 Guard Tower
24:06 Guard Tower
24:06 Guard Tower
» items
| Mechanical Critter | 4 | |
| Scroll of Regeneration | 2 | |
| Scroll of Town Portal | 1 | |
| Periapt of Vitality | 1 | |
| Boots of Speed | 1 | |
| Staff of Teleportation | 1 | |
| Potion of Lesser Invulnerability | 1 | |
| Lesser Clarity Potion | 1 | |
12 total
WolfBabe31 (
teal | 41 APM | 898 actions | 22:04)
4 Warden
2 Fan of Knives
1 Shadow Strike
1 Blink
» actions
| Assign group hotkey | 19 | |
| Basic commands | 2 | |
| Build / train | 90 | |
| Enter build submenu | 24 | |
| Enter hero's abilities submenu | 4 | |
| Right click | 315 | |
| Select / deselect | 219 | |
| Select group hotkey | 121 | |
| Use ability | 104 | |
898 total
» units
| Wisp | 33 | |
| Huntress | 3 | |
| Druid of the Claw | 8 | |
| Druid of the Talon | 6 | |
| Dryad | 4 | |
| Hippogryph | 4 | |
58 total
» upgrades
| Strength of the Wild | 2 | |
| Reinforced Hides | 3 | |
| Druid of the Claw Training | 2 | |
| Mark of the Claw | 1 | |
| Druid of the Talon Training | 1 | |
| Nature's Blessing | 1 | |
| Abolish Magic | 1 | |
11 total
» buildings
| Altar of Elders | 1 | |
| Moon Well | 5 | |
| Hunter's Hall | 1 | |
| Ancient of War | 1 | |
| Tree of Ages | 3 | |
| Ancient of Lore | 2 | |
| Ancient of Wind | 1 | |
| Tree of Eternity | 2 | |
| Tree of Life | 1 | |
| Ancient Protector | 12 | |
29 total
» build order
00:07 Altar of Elders
00:21 Moon Well
01:16 Hunter's Hall
02:11 Ancient of War
02:52 Tree of Ages
02:53 Tree of Ages
03:04 Moon Well
04:30 Moon Well
05:21 Ancient of Lore
05:24 Ancient of Lore
05:33 Ancient of Wind
06:25 Tree of Eternity
06:25 Tree of Eternity
06:45 Tree of Life
07:10 Moon Well
07:13 Moon Well
09:53 Ancient Protector
09:58 Ancient Protector
10:06 Ancient Protector
10:44 Ancient Protector
11:36 Ancient Protector
13:18 Ancient Protector
13:20 Ancient Protector
14:02 Ancient Protector
14:04 Ancient Protector
14:07 Ancient Protector
20:05 Ancient Protector
20:08 Ancient Protector
» items
| Scroll of Town Portal | 1 | |
| Staff of Teleportation | 1 | |
2 total
team 2 (winner)
Paladin (
blue | 35 APM | 502 actions | 14:26)
3 Lich
2 Frost Nova
1 Dark Ritual
» actions
| Assign group hotkey | 3 | |
| Basic commands | 2 | |
| Build / train | 44 | |
| Enter build submenu | 20 | |
| Enter hero's abilities submenu | 3 | |
| Remove unit from queue | 6 | |
| Right click | 199 | |
| Select / deselect | 190 | |
| Select group hotkey | 5 | |
| Use ability | 30 | |
502 total
» units
| Acolyte | 8 | |
| Ghoul | 11 | |
| Necromancer | 6 | |
| Meatwagon | 4 | |
29 total
» upgrades
| Unholy Strength | 1 | |
| Exhume Corpses | 1 | |
| Necromancer Training | 1 | |
3 total
» buildings
| Crypt | 1 | |
| Altar of Darkness | 1 | |
| Ziggurat | 5 | |
| Graveyard | 1 | |
| Tomb of Relics | 1 | |
| Halls of the Dead | 1 | |
| Temple of the Damned | 2 | |
| Slaughterhouse | 1 | |
| Black Citadel | 1 | |
14 total
» build order
00:10 Crypt
00:14 Altar of Darkness
00:36 Ziggurat
00:59 Ziggurat
01:40 Graveyard
02:18 Ziggurat
02:21 Ziggurat
03:17 Tomb of Relics
03:19 Halls of the Dead
05:42 Temple of the Damned
05:43 Temple of the Damned
05:46 Slaughterhouse
11:31 Ziggurat
12:32 Black Citadel
smanball (
green | 36 APM | 533 actions | 14:38)
3 Paladin
2 Divine Shield
1 Holy Light
2 Mountain King
1 Storm Bolt
1 Thunder Clap
» actions
| Basic commands | 12 | |
| Build / train | 35 | |
| Enter build submenu | 14 | |
| Enter hero's abilities submenu | 5 | |
| Right click | 306 | |
| Select / deselect | 129 | |
| Use ability | 32 | |
533 total
» units
| Peasant | 5 | |
| Knight | 11 | |
| Goblin Shredder | 1 | |
17 total
» upgrades
| Lumber Harvesting | 1 | |
| Swords | 2 | |
| Plating | 1 | |
| Animal War Training | 1 | |
5 total
» buildings
| Keep | 1 | |
| Altar of Kings | 1 | |
| Farm | 8 | |
| Barracks | 2 | |
| Blacksmith | 1 | |
| Lumber Mill | 1 | |
| Castle | 1 | |
| Arcane Vault | 1 | |
16 total
» build order
01:31 Keep
01:40 Altar of Kings
01:47 Farm
02:33 Farm
02:47 Barracks
02:59 Blacksmith
03:07 Lumber Mill
03:13 Farm
03:50 Farm
04:08 Castle
04:34 Farm
05:29 Farm
06:09 Farm
06:52 Barracks
07:27 Arcane Vault
11:32 Farm
» items
| Potion of Lesser Invulnerability | 1 | |
| Scroll of Healing | 1 | |
| Orb of Fire | 1 | |
| Scroll of Regeneration | 1 | |
4 total
deez_nuts (
purple | 67 APM | 1875 actions | 28:00)
9 Archmage
3 Summon Water Elemental
3 Brilliance Aura
1 Mass Teleport
2 Blizzard
» actions
| Assign group hotkey | 106 | |
| Basic commands | 109 | |
| Build / train | 80 | |
| Enter build submenu | 29 | |
| Enter hero's abilities submenu | 9 | |
| Give item / drop item | 3 | |
| Remove unit from queue | 2 | |
| Right click | 577 | |
| Select / deselect | 315 | |
| Select group hotkey | 515 | |
| Use ability | 130 | |
1875 total
» units
| Peasant | 13 | |
| Footman | 5 | |
| Goblin Shredder | 1 | |
| Gryphon Rider | 8 | |
| Dragonhawk Rider | 5 | |
32 total
» upgrades
| Swords | 3 | |
| Armor | 3 | |
| Animal War Training | 1 | |
| Storm Hammers | 1 | |
| Cloud | 1 | |
| Masonry | 2 | |
11 total
» buildings
| Altar of Kings | 1 | |
| Barracks | 1 | |
| Farm | 11 | |
| Keep | 1 | |
| Lumber Mill | 1 | |
| Town Hall | 3 | |
| Arcane Vault | 1 | |
| Castle | 1 | |
| Gryphon Aviary | 4 | |
| Blacksmith | 2 | |
| Scout Tower | 5 | |
| Guard Tower | 1 | |
32 total
» build order
00:38 Altar of Kings
00:39 Barracks
00:50 Farm
00:52 Farm
01:04 Farm
01:37 Farm
03:20 Keep
03:40 Lumber Mill
04:10 Town Hall
04:54 Arcane Vault
06:10 Castle
07:06 Gryphon Aviary
07:07 Gryphon Aviary
07:09 Gryphon Aviary
07:44 Gryphon Aviary
07:49 Blacksmith
07:54 Blacksmith
09:24 Farm
17:09 Farm
17:14 Farm
17:14 Farm
17:14 Farm
17:15 Farm
17:17 Farm
17:24 Scout Tower
17:24 Scout Tower
17:24 Scout Tower
17:25 Scout Tower
21:00 Guard Tower
23:54 Town Hall
25:01 Town Hall
» items
| Scroll of Regeneration | 5 | |
| Mechanical Critter | 5 | |
| Scroll of Town Portal | 5 | |
| Potion of Healing | 5 | |
| Periapt of Vitality | 1 | |
| Potion of Lesser Invulnerability | 1 | |
22 total
CHEWCHEWBEW. (
red | 48 APM | 1338 actions | 28:00)
6 Paladin
3 Holy Light
2 Divine Shield
1 Resurrection
» actions
| Assign group hotkey | 28 | |
| Basic commands | 3 | |
| Build / train | 66 | |
| Enter build submenu | 17 | |
| Enter hero's abilities submenu | 6 | |
| Give item / drop item | 1 | |
| Remove unit from queue | 1 | |
| Right click | 610 | |
| Select / deselect | 175 | |
| Select group hotkey | 371 | |
| Use ability | 60 | |
1338 total
» units
| Peasant | 11 | |
| Gryphon Rider | 4 | |
| Goblin Sapper | 6 | |
| Dragonhawk Rider | 2 | |
23 total
» upgrades
| Masonry | 3 | |
| Lumber Harvesting | 2 | |
| Storm Hammers | 1 | |
| Swords | 2 | |
| Armor | 1 | |
| Animal War Training | 1 | |
| Cloud | 1 | |
11 total
» buildings
| Altar of Kings | 1 | |
| Farm | 11 | |
| Scout Tower | 5 | |
| Arcane Tower | 1 | |
| Lumber Mill | 1 | |
| Guard Tower | 4 | |
| Keep | 1 | |
| Arcane Vault | 1 | |
| Blacksmith | 1 | |
| Castle | 2 | |
| Gryphon Aviary | 2 | |
| Barracks | 1 | |
31 total
» build order
00:15 Altar of Kings
00:21 Farm
00:38 Scout Tower
01:07 Arcane Tower
01:09 Farm
01:48 Lumber Mill
01:55 Scout Tower
01:56 Scout Tower
01:57 Scout Tower
02:55 Guard Tower
03:18 Keep
03:27 Scout Tower
03:42 Arcane Vault
03:55 Blacksmith
04:00 Guard Tower
04:00 Guard Tower
04:07 Farm
04:20 Farm
04:23 Farm
04:24 Farm
05:39 Castle
05:39 Castle
05:49 Gryphon Aviary
05:53 Gryphon Aviary
06:04 Farm
06:05 Farm
06:06 Farm
06:08 Farm
06:10 Farm
06:53 Guard Tower
08:27 Barracks
» items
| Ivory Tower | 4 | |
| Mechanical Critter | 2 | |
| Potion of Invisibility | 1 | |
| Staff of Teleportation | 1 | |
| Scroll of Regeneration | 1 | |
| Scroll of Town Portal | 2 | |
| Potion of Lesser Invulnerability | 1 | |
12 total
Chat log
(00:06 / Allies) Ooo0oOo0oOo0oO0: i take
(00:08 / All) CHEWCHEWBEW.: boxing is rigged
(00:09 / All) deez_nuts: USA bless god
(00:10 / Allies) WolfBabe31: kk
(00:29 / Allies) WolfBabe31: plannnnn?>
(00:35 / All) deez_nuts: have you all accepted Jesus's words into your hearts?
(00:47 / All) WolfBabe31: WHATS IN THE BOX
(00:50 / All) WolfBabe31: DEEZ NUTS
(00:52 / All) WolfBabe31: HAHA GOT EM
(00:55 / All) Paladin: devil is so kool
(01:17 / All) deez_nuts: Jesus Christ loves each and every one of you
(01:32 / All) deez_nuts: If you give me your address I can send you all a free copy of the Bible
(01:33 / All) WolfBabe31: JESUS CHRIST LOVES MY VAG
(01:40 / All) WolfBabe31: LOL FUCK YOU MOTHER FUCKER
(01:47 / All) deez_nuts: Which is the unadulterated gospel of god!
(01:57 / All) WolfBabe31: Unadulterated my ass
(02:09 / All) deez_nuts: Did you know Jesus died so that you all can go to Heaven even as sinners?
(02:17 / All) CHEWCHEWBEW.: what is a wolf babe
(02:19 / All) deez_nuts: Jesus loves you
(02:24 / All) WolfBabe31: Jesus died when he smelled your ass
(02:40 / All) WolfBabe31: Wolfbabe is a name I made when I was like 12 so get over it
(02:40 / All) Paladin: burn
(02:57 / All) BattleRoyale: 79-90 when you playing since you were 12?
(03:10 / All) BattleRoyale: only that many games after so many years?
(03:26 / All) WolfBabe31: No, I have like 1600 games dude
(03:56 / All) BattleRoyale: oh yeah they don't all show under /stats nvm
(04:06 / All) BattleRoyale: I forget this game used to have ladder resets and shit
(04:18 / All) WolfBabe31: Forgiven
(05:35 / All) deez_nuts: America bless God
(05:48 / Allies) BattleRoyale: wood please
(07:17 / Allies) WolfBabe31: bears or rads
(07:18 / Allies) WolfBabe31: ???
(07:19 / Allies) WolfBabe31: dryads
(07:33 / Allies) WolfBabe31: bears
(10:20 / Allies) BattleRoyale: ty
(10:51 / Allies) WolfBabe31: joining in mid
(13:45 / All) BattleRoyale: first time playing, blue?
(14:17 / All) deez_nuts: hero focusing homo
(14:19 / All) deez_nuts: chimbot
(14:20 / All) Paladin: kinda hard to play with a team this bad
(14:23 / All) BattleRoyale: LOL
(14:24 / All) deez_nuts: Jesus don't love you
(14:32 / All) deez_nuts: lol blue fucking retard
(14:39 / All) deez_nuts: Barely 50%
(14:53 / All) deez_nuts: tried to take mid expo
(14:56 / All) deez_nuts: none at top
(15:26 / Allies) Ooo0oOo0oOo0oO0: teal bear heal first
(15:27 / Allies) Ooo0oOo0oOo0oO0: mk
(18:33 / Allies) WolfBabe31: OJ what the fuck
(18:35 / All) Ooo0oOo0oOo0oO0: leave newb
(18:42 / All) deez_nuts: IN JESUS NAME
(18:47 / All) deez_nuts: DEUS VULT
(18:49 / All) CHEWCHEWBEW.: me or purp u mean
(18:56 / All) Ooo0oOo0oOo0oO0: both newbs
(19:07 / Allies) WolfBabe31: fucking oj
(19:17 / All) Ooo0oOo0oOo0oO0: f
(19:19 / Allies) Ooo0oOo0oOo0oO0: fucker
(19:21 / Allies) Ooo0oOo0oOo0oO0: wtf u doing
(19:37 / Allies) WolfBabe31: hes fucking tking
(19:40 / Allies) WolfBabe31: he killed fucking bears
(19:40 / All) BattleRoyale: What do you think I'm doing?
(19:42 / All) BattleRoyale: Killing you guys
(20:18 / All) BattleRoyale: Glad I got that warden out before it got level 3 blink
(20:58 / Allies) WolfBabe31: yellow
(21:04 / Allies) WolfBabe31: I dont fucking know
(21:12 / All) CHEWCHEWBEW.: WHO DA N OOB NOW YELLOW
(21:13 / All) WolfBabe31: Fuck you guys red and orange
(21:14 / All) CHEWCHEWBEW.: WEEEEEEEEEEE
(21:14 / All) WolfBabe31: FUCK YOu
(21:18 / Allies) Ooo0oOo0oOo0oO0: fucking newb wanna lose
(21:20 / All) BattleRoyale: Yeah
(21:22 / All) CHEWCHEWBEW.: wut did i do wrong
(21:25 / All) BattleRoyale: Of course I want you to lose yellow
(21:38 / All) BattleRoyale: My allies are all complaining
(21:40 / Allies) Ooo0oOo0oOo0oO0: do i care
(21:41 / All) BattleRoyale: but not as much as I'd like
(21:41 / Allies) Ooo0oOo0oOo0oO0: newb
(21:48 / All) BattleRoyale: If you didn't care would you still be in-game?
(21:56 / All) BattleRoyale: You care deeply, therefore, you will stay to the bitter end
(22:00 / All) BattleRoyale: until the DEFEAT! screen
(22:03 / Allies) WolfBabe31: Fuck you mother fucker
(22:06 / All) deez_nuts: LEAVE YELLOW NOOB
(22:08 / All) BattleRoyale: "Fuck you mother fucker"
(22:08 / All) deez_nuts: DEUS VULT
(22:09 / All) Ooo0oOo0oOo0oO0: going to watch game
(22:13 / All) Ooo0oOo0oOo0oO0: have fun newbs
(23:45 / All) deez_nuts: LEAVE YELLOW NOOB
(23:47 / All) deez_nuts: DEUS VULT
(24:13 / All) BattleRoyale: kill pink and yellow's shit
(24:24 / All) BattleRoyale: upgrading towers to deconstruct my base
(24:34 / All) deez_nuts: DEUS VULT
(26:28 / All) deez_nuts: LEAVE YELLOW NOOB
(26:35 / All) deez_nuts: DEUS VULT
(27:50 / All) CHEWCHEWBEW.: new acct
(27:53 / All) CHEWCHEWBEW.: for us
(27:54 / All) BattleRoyale: who lose
(27:57 / All) deez_nuts: YELLA
(27:58 / All) CHEWCHEWBEW.: uuuuuuuuuuuuuuu